 Dungeon Crawl Stone Soup version 0.30.1-11-g7821555f0a (webtiles) character file.

Game seed: 18154220083731324314

203 Cheops the Spear-Bearer (level 5, -3/38 HPs)
             Began as a Merfolk Gladiator on Nov 19, 2023.
             Blown up by Ijyb (13 damage)
             ... with a mindburst bolt
             ... on level 4 of the Dungeon.
             The game lasted 00:05:04 (2696 turns).

Cheops the Spear-Bearer (Merfolk Gladiator)         Turns: 2696, Time: 00:05:04

Health: -3/38      AC:  5    Str: 15    XL:     5   Next: 81%
Magic:  5/5        EV: 13    Int:  9    God:
Gold:   80         SH:  0    Dex: 15    Spells: 4/4 levels left

rFire   . . .        a - +0 trident
rCold   . . .        (no shield)
rNeg    . . .        b - +0 leather armour
rPois   .            c - +0 helmet
rElec   .            (no cloak)
rCorr   .            l - +0 pair of gloves
SInv    .            (no boots)
Will    .....        i - amulet of regeneration
Stlth   +            (no ring)
HPRegen 1.06/turn    (no ring)
MPRegen 0.09/turn

%: no passive effects
@: lethally poisoned (-3 -> -6)
A: (nimble swimmer 2), mertail
a: no special abilities


You were on level 4 of the Dungeon.
You visited 1 branch of the dungeon, and saw 4 of its levels.

You collected 80 gold pieces.

Inventory:

Hand Weapons
 a - a +0 trident (weapon)
Missiles
 d - 3 throwing nets (quivered)
 e - a javelin
Armour
 b - a +0 leather armour (worn)
 c - a +0 helmet (worn)
 l - a +0 pair of gloves (worn)
 t - a +0 buckler
Jewellery
 i - an amulet of regeneration (around neck)
Scrolls
 f - a scroll of amnesia {unknown}
 g - 2 scrolls of enchant armour {unknown}
 h - a scroll of blinking {unknown}
 m - a scroll of enchant weapon {unknown}
 o - 2 scrolls of identify {unknown}
 r - a scroll of teleportation {unknown}
Potions
 j - 2 potions of curing {unknown}
 k - a potion of brilliance {unknown}
 n - a potion of might {unknown}
 p - a potion of lignification {unknown}
 q - a potion of resistance {unknown}
 s - a potion of degeneration {unknown}


   Skills:
 - Level 2.1 Fighting
 - Level 8.3 Polearms
 - Level 2.0 Throwing
 - Level 4.0 Dodging
 + Level 0.0 Shields


You had 4 spell levels left.
You didn't know any spells.
Your spell library was empty.

Dungeon Overview and Level Annotations

Branches:
Dungeon (4/15)
 Temple: D:4-7

Altars:
Sif Muna

Annotations:
D:4 Ijyb


Innate Abilities, Weirdness & Mutations

((You are very nimble when in or above water. (Stealth+, EV+, Speed+++)))
Your lower body shifts to a powerful aquatic tail in water.


Message History

Ijyb zaps a wand.
Your mind is blasted!
You barely miss Ijyb.
Ijyb is moderately wounded.
Ijyb zaps a wand.
Your mind is blasted!
* * * LOW HITPOINT WARNING * * *
You are too injured to fight recklessly!
You are too injured to fight recklessly!
You are too injured to fight recklessly!
Ijyb is nearby!
Ijyb is nearby!
Ijyb is nearby!
You hit Ijyb.
Ijyb is moderately wounded.
Ijyb hits you with a +0 dagger of venom.
* * * LOW HITPOINT WARNING * * *
You are poisoned.
You hit Ijyb but do no damage.
Ijyb is moderately wounded.
You feel sick.
You closely miss Ijyb.
Ijyb is moderately wounded.
You feel sick.
Ijyb hits you with a +0 dagger of venom.
* * * LOW HITPOINT WARNING * * *
You hit Ijyb. You punch Ijyb, but do no damage.
Ijyb is heavily wounded.
You feel sick.
Ijyb zaps a wand.
You barely resist. You hit Ijyb but do no damage.
Ijyb is heavily wounded.
You feel sick. Ijyb barely misses you.
You barely miss Ijyb.
Ijyb is heavily wounded.
You feel sick.
Ijyb hits you with a +0 dagger of venom.
* * * LOW HITPOINT WARNING * * *
You are more poisoned.
You puncture Ijyb!
Ijyb is almost dead.
You feel sick.
Ijyb zaps a wand.
Your mind is blasted!
You die...

... . ..# ###.. ...
...... #.# #.... #
#.#######g.#
#.#.##....@.#
#.#....######
#>............
#########.########..
#>...............
#.###.†...#######
#.# #.....#
#.##......#
#.##.#+##.#


You could see Ijyb.

Vanquished Creatures
  An orc priest (D:3)
  A hound (D:3)
  An iguana (D:3)
  An orc wizard (D:3)
  3 adders
  A dart slug (D:1)
  2 orcs (D:3)
  3 endoplasms
  3 giant cockroaches
  4 hobgoblins
  3 kobolds
  2 quokkas
  13 ball pythons
  4 bats
  6 frilled lizards
  9 goblins
  10 rats
67 creatures vanquished.

Notes
Turn   | Place    | Note
-------+----------+-------------------------------------------
     0 | D:1      | Cheops the Merfolk Gladiator began the quest for the Orb.
     0 | D:1      | Reached XP level 1. HP: 16/16 MP: 1/1
   285 | D:1      | Reached XP level 2. HP: 15/22 MP: 2/2
   430 | D:1      | Reached skill level 5 in Polearms
   978 | D:2      | Reached XP level 3. HP: 25/27 MP: 3/3
  1212 | D:2      | Reached skill level 6 in Polearms
  1663 | D:3      | Found a shimmering blue altar of Sif Muna.
  1721 | D:3      | Reached XP level 4. HP: 21/33 MP: 4/4
  1827 | D:3      | Reached skill level 7 in Polearms
  1854 | D:3      | Reached XP level 5. HP: 37/38 MP: 5/5
  2050 | D:3      | Reached skill level 8 in Polearms
  2684 | D:4      | Noticed Ijyb
  2696 | D:4      | Blown up by Ijyb

Illustrated notes

Levels and vault maps discovered:
D:1:      grunt_arrival_crossed_arrows, layout_basic, st_stairs_13
D:2:      layout_loops_corners, grunt_decor_fettered
D:3:      layout_basic, mainiacjoe_overflow_cross_hatched, grunt_ministairs_6,
          hangedman_decor_clover_reticule
D:4:      layout_basic, mainiacjoe_overflow_chevrons, nrook_mini_vaults,
          uniq_ijyb, uniq_duvessa, uniq_edmund

Skill      XL: |  1  2  3  4  5 |
---------------+----------------+-----
Polearms       | 5 6 7 8 |  8.3
Fighting       | |  2.1
Throwing       | |  2.0
Dodging        | |  4.0

Action                     |  1- 3 |  4- 6 || total
---------------------------+-------+-------++-------
  Melee: Trident           |   138 |   106 ||   244
         Punch             |       |     1 ||     1
   Stab: Sleeping          |     6 |     3 ||     9
 Armour: Leather armour    |    30 |    21 ||    51
  Dodge: Dodged            |    88 |    32 ||   120
